 Dungeon Crawl Stone Soup version 0.27-a0-46-g34d46f0a3f (webtiles) character file.

Game seed: 9066649912910005483

200 nuthulu the Skirmisher (level 5, -1/35 HPs)
             Began as a Gargoyle Fighter on Jan 6, 2021.
             Killed by divine providence
             ... invoked by an orc priest
              (9 damage)
             ... on level 3 of the Dungeon.
             The game lasted 00:03:43 (2448 turns).

nuthulu the Skirmisher (Gargoyle Fighter)           Turns: 2448, Time: 00:03:44

Health: -1/35      AC: 13    Str: 19    XL:     5   Next: 79%
Magic:  5/5        EV:  7    Int:  9    God:
Gold:   162        SH: 14    Dex: 10    Spells: 4/4 levels left

rFire    . . .     SeeInvis .   a - +0 flail
rCold    . . .     Faith    .   c - +0 kite shield
rNeg     + . .     Spirit   .   b - +0 scale mail
rPois    ∞         Reflect  +   h - +0 helmet
rElec    +         Harm     .   g - +0 cloak
rCorr    .         Rampage  .   (no gloves)
Will     .....                  (no boots)
Stlth    ..........             e - amulet of reflection
HPRegen  0.11/turn              (no ring)
MPRegen  0.09/turn              (no ring)

@: no status effects
A: negative energy resistance 1, electricity resistance, unbreathing,
petrification resistance, miasma immunity, AC +4
a: no special abilities


You were on level 3 of the Dungeon.
You visited 1 branch of the dungeon, and saw 3 of its levels.

You collected 162 gold pieces.

Inventory:

Hand Weapons
 a - a +0 flail (weapon)
Armour
 b - a +0 scale mail (worn)
 c - a +0 kite shield (worn)
 g - a +0 cloak (worn)
 h - a +0 helmet (worn)
Jewellery
 e - an amulet of reflection (around neck)
Wands
 i - a wand of digging (5)
Scrolls
 j - 2 scrolls of magic mapping
 k - a scroll of identify
 l - a scroll of remove curse
Potions
 d - a potion of might
 f - a potion of cancellation


   Skills:
 + Level 5.3 Fighting
 + Level 4.3 Maces & Flails
 - Level 3.2 Armour
 - Level 3.2 Shields


You had 4 spell levels left.
You didn't know any spells.
Your spell library contained the following spells:

 Spells                   Type           Power        Failure   Level
 Magic Dart               Conj           0%           99%         1
 Blink                    Tloc           N/A          100%        2
 Call Imp                 Summ           0%           100%        2
 Slow                     Hex            0%           100%        2
 Conjure Flame            Conj/Fire      0%           100%        3
 Mephitic Cloud           Conj/Pois/Air  0%           100%        3


Dungeon Overview and Level Annotations

Branches:
Dungeon (3/15)

Altars:
Elyvilon
Kikubaaqudgha
Trog
Vehumet


Innate Abilities, Weirdness & Mutations

You are resistant to torment.
Your stone body is resilient. (AC +4)
You are immune to poison.
You resist negative energy. (rN+)
You are resistant to electric shocks. (rElec)
You can survive without breathing.
You are immune to petrification.
You are immune to miasma.


Message History

The orc priest hits you but does no damage.
You block the orc's attack. You block the orc wizard's attack.
The orc priest looks braver for a moment.
The orc priest barely misses you. The orc wizard closely misses you.
The orc priest casts a cantrip, but nothing happens.
The orc wizard gestures wildly while chanting.
The orc wizard seems to speed up.
You see here a scroll of remove curse.
The orc priest mumbles some strange prayers to Beogh against you.
Beogh smites you!
The orc priest calls down the wrath of Beogh upon you.
Pain shoots through your body! You block the orc wizard's attack.
There is a stone staircase leading up here.
The orc priest invokes the aid of Beogh against you.
Beogh smites you!
* * * LOW HITPOINT WARNING * * *
The orc wizard hits you but does no damage.
The orc priest invokes the aid of Beogh against you.
Beogh smites you!
You die...

###########
#.........#
#.........#
#.........#########
#......o..........####
#.....o?..............
#....@oo..#######.####
########### #.# ##.#
#..# ##.## #..# ##.##
#..# #.##


You could see 2 orc priests, an orc wizard (fast) and an orc.

Vanquished Creatures
  An orc wizard (D:2)
  A worker ant (D:3)
  Robin (D:2)
  5 adders
  An ooze (D:2)
  A worm (D:2)
  2 leopard geckos
  9 orcs
  6 bats
  4 giant cockroaches
  15 goblins
  6 hobgoblins
  4 jackals (D:1)
  2 frilled lizards
  11 kobolds
  6 rats
75 creatures vanquished.

Notes
Turn   | Place    | Note
-------+----------+-------------------------------------------
     0 | D:1      | nuthulu the Gargoyle Fighter began the quest for the Orb.
     0 | D:1      | Reached XP level 1. HP: 14/14 MP: 1/1
   123 | D:1      | Reached XP level 2. HP: 15/19 MP: 2/2
   668 | D:1      | Reached XP level 3. HP: 22/24 MP: 3/3
   789 | D:2      | Noticed Robin
   797 | D:1      | Reached skill level 4 in Fighting
   927 | D:2      | Killed Robin
   928 | D:2      | Reached XP level 4. HP: 28/30 MP: 4/4
  1019 | D:2      | Found a faded altar of an unknown god.
  1160 | D:2      | Found a white marble altar of Elyvilon.
  1573 | D:2      | Found a radiant altar of Vehumet.
  1578 | D:2      | Found an ancient bone altar of Kikubaaqudgha.
  1581 | D:2      | Found a bloodstained altar of Trog.
  1654 | D:2      | Reached XP level 5. HP: 26/34 MP: 5/5
  1947 | D:3      | Reached skill level 5 in Fighting
  2448 | D:3      | Killed from afar by an orc priest

Illustrated notes

Levels and vault maps discovered:
D:1:      lemuel_arrival_river_ford, layout_loops_ring
D:2:      layout_basic, old_standard_altar, grunt_temple_overflow_diamond,
          chequers_ecumenical_altar_simple_redux, kennysheep_generic_room_9,
          uniq_robin
D:3:      layout_rooms

Skill      XL: |  1  2  3  4  5 |
---------------+----------------+-----
Fighting       | 4 5 |  5.3
Maces & Flails | 3 4 |  4.3
Armour         | |  3.2
Shields        | |  3.2

Action                   |  1- 3 |  4- 6 || total
-------------------------+-------+-------++-------
Melee: Flail             |    87 |   158 ||   245
  Use: Scroll            |     4 |     3 ||     7
Armor: Scale mail        |    61 |    76 ||   137
Dodge: Dodged            |    34 |    35 ||    69
Block: Kite shield       |    60 |   150 ||   210
       Reflection        |       |    10 ||    10

Table legend: (Time is in decaauts)
 A = Elapsed time spent in this place.
 B = Non-inter-level travel time spent in this place.
 C = Inter-level travel time spent in this place.
 D = Time resting spent in this place.
 E = Time spent auto-exploring this place.
 F = Levels seen in this place.
 G = Mean time per level.
                   A        B        C        D        E       F      G
               +--------+--------+--------+--------+--------+-----+--------+
         Total |   2535 |   2494 |     41 |    401 |   1353 |   3 |  845.0 |
       Dungeon |   2535 |   2494 |     41 |    401 |   1353 |   3 |  845.0 |
               +--------+--------+--------+--------+--------+-----+--------+

Top non-repeatable levels by time:
     D:2: 1031 daAuts
     D:1: 937 daAuts
     D:3: 566 daAuts
